 Dungeon Crawl Stone Soup version 0.22-a0-772-gac08f70 (webtiles) character file.

3 Amnesiac the Digger (level 1, -3/13 HPs)
             Began as a Demonspawn Earth Elementalist on July 17, 2018.
             Slain by an adder (5 damage)
             ... on level 2 of the Dungeon.
             The game lasted 00:00:37 (126 turns).

Amnesiac the Digger (Demonspawn Earth Elementalist)  Turns: 126, Time: 00:00:37

Health: -3/13      AC:  2    Str:  8    XL:     1   Next: 41%
Magic:  0/3        EV: 12    Int: 16    God:
Gold:   22         SH:  0    Dex: 13    Spells: 3/4 levels left

rFire    . . .     SeeInvis .   f - +0 trident (vamp)
rCold    . . .     Gourm    .   (no shield)
rNeg     . . .     Faith    .   c - +0 robe
rPois    .         Spirit   .   (no helmet)
rElec    .         Reflect  .   (no cloak)
rCorr    .         Harm     .   (no gloves)
MR       .....                  (no boots)
Stlth    ++........             (no amulet)
HPRegen  0.04/turn              (no ring)
MPRegen  0.08/turn              (no ring)

@: lethally poisoned (-3 -> -8)
A: no striking features
a: no special abilities


You were on level 2 of the Dungeon.
You were not hungry.

You visited 1 branch of the dungeon, and saw 2 of its levels.

You collected 22 gold pieces.

Inventory:

Hand Weapons
 f - a +0 vampiric trident (weapon)
Missiles
 b - 23 stones (quivered)
Armour
 c - a +0 robe (worn)
Scrolls
 a - a scroll of teleportation {!r, unknown}
Potions
 e - a potion of agility {!q, unknown}
Comestibles
 d - 2 rations


   Skills:
 + Level 1.8 Dodging
 + Level 1.8 Stealth
 + Level 2.0 Spellcasting
   Level 0.8 Transmutations
 * Level 2.8 Earth Magic


You had 3 spell levels left.
You knew the following spells:

 Your Spells              Type           Power        Failure   Level  Hunger
a - Sandblast             Erth           ##....       7%          1    #......

Your spell library contained the following spells:

 Spells                   Type           Power        Failure   Level  Hunger
 Stone Arrow              Conj/Erth      #.....       34%         3    ###....
 Passwall                 Tmut/Erth      #.......     14%         2    ###....
 Lee's Rapid Deconstruct  Erth           ##........   88%         5    ######.
 Petrify                  Tmut/Erth      #.......     67%         4    #####..


Dungeon Overview and Level Annotations

Branches:
Dungeon (2/15)

Altars:


Message History

b - 25 stones
Casting: Sandblast (safe; 7% risk of failure)
Confirm with . or Enter, or press ? or * to list all spells.
You don't have enough magic to cast that spell.
Casting: Sandblast (safe; 7% risk of failure)
Confirm with . or Enter, or press ? or * to list all spells.
You don't have enough magic to cast that spell.
The leopard gecko completely misses you.
Casting: Sandblast (safe; 7% risk of failure)
Confirm with . or Enter, or press ? or * to list all spells.
You don't have enough magic to cast that spell.
Casting: Sandblast (safe; 7% risk of failure)
Confirm with . or Enter, or press ? or * to list all spells.
You don't have enough magic to cast that spell.
The leopard gecko closely misses you. The leopard gecko closely misses you.
You see here a runed trident.
f - a runed trident The leopard gecko misses you.
The leopard gecko completely misses you.
Wield which item (- for none, * to show all)? (? for menu, Esc to quit)
This weapon is vampiric, and you must be Full or above to equip it.
f - a vampiric trident
Casting: Sandblast (safe; 7% risk of failure)
Confirm with . or Enter, or press ? or * to list all spells.
Aiming: Sandblast (safe; 7% risk of failure)
Press: ? - help, Shift-Dir - straight line, f/p - leopard gecko
Aim: a leopard gecko (almost dead, clinging)
The blast of sand hits the leopard gecko.
You kill the leopard gecko!
b - 24 stones A worm comes into view.
The adder closely misses you.
The worm moves out of view.
You eat one of the 3 rations.
That ration really hit the spot!
The adder closely misses you.
Wield which item (- for none, * to show all)? (? for menu, Esc to quit)
That's the wrong kind of item! (Use * to select it.) Wield which item (- for none, * to show all)? (? for menu, Esc to quit)
Really wield
f - a vampiric trident?
You feel a dreadful hunger.
f - a +0 vampiric trident (weapon)
The adder bites you.
You closely miss the adder. The adder barely misses you. The adder misses you.
You closely miss the adder. The adder closely misses you.
You barely miss the adder. The adder bites you.
You are poisoned.
The adder poisons you! The adder barely misses you.
Casting: Sandblast (safe; 7% risk of failure)
Confirm with . or Enter, or press ? or * to list all spells.
Aiming: Sandblast (safe; 7% risk of failure)
Press: ? - help, Shift-Dir - straight line, f - adder
Aim: an adder The blast of sand hits the adder.
The adder is severely wounded.
b - 23 stones You feel sick.
The adder bites you.
* * * LOW HITPOINT WARNING * * *
You closely miss the adder.
The adder is severely wounded.
The adder misses you. The adder bites you but does no damage.
You miss the adder.
The adder is severely wounded.
The adder bites you.
You die...

#.# ###.### #.....#
#.....## #......#
#......## ..
#.......#....
############.........
#..†..S@w............
#.##########......#.#
#.# ##...#.# # #.#####
##.##.# #######.#...# .#
# ............### .##.
#######.......#####.....
#....................
#.##..............###


You could see a worm and an adder.

Vanquished Creatures
  A leopard gecko (D:2)
  A hobgoblin (D:2)
2 creatures vanquished.

Notes
Turn   | Place    | Note
-------+----------+-------------------------------------------
     0 | D:1      | Amnesiac the Demonspawn Earth Elementalist began the quest for the Orb.
     0 | D:1      | Reached XP level 1. HP: 13/13 MP: 3/3
   126 | D:2      | Slain by an adder

Vault maps used:
D:1:      minmay_arrival_up_and_down
D:2:      uniq_sigmund

Action                   || total
-------------------------++-------
Melee: Trident           ||     5
 Cast: Sandblast         ||     7
  Eat: Ration            ||     1
Armor: Robe              ||     1
Dodge: Dodged            ||    12

Table legend:
 A = Spawn XP
 B = Non-spawn XP
 C = Spawn XP percentage of total XP
 D = Spawn monster count
 E = Non-spawn monster count
 F = Spawn count percentage of total count
 G = Total turns spent on level
                    A         B        C        D         E        F      G
               +---------+---------+-------+---------+---------+-------+---------
         Total |       0 |       5 |   0.0 |       0 |       2 |   0.0 |   126
               +---------+---------+-------+---------+---------+-------+---------
           D:2 |       0 |       5 |   0.0 |       0 |       2 |   0.0 |   106
               +---------+---------+-------+---------+---------+-------+---------
